Kings vs Sabres
(R1)
Created - March 24, 2019 at 20:14
Goals
|
Kings |
0 |
1 |
0 |
1 |
Sabres |
0 |
1 |
1 |
2 |
|
Shots
|
Kings |
7 |
14 |
9 |
30 |
Sabres |
8 |
18 |
6 |
32 |
|
1st period
No Goal
Penalties :
Loui Eriksson (LAK) for Tripping (Minor) at 0:40, Ryan Johansen (LAK) for Hooking (Minor) at 12:39
2nd period
1. Kings , Dominic Moore 1 (Peter Worrell 9, Mike Brown 13) at 12:31
2. Sabres , Zack Kassian 21 (Zach Bogosian 30) at 16:03
Penalties :
Loui Eriksson (LAK) for Holding Stick (Minor) at 1:55, Jakub Kindl (Buf) for Boarding (Minor) at 6:31, Darnell Nurse (LAK) for Holding Stick (Minor) at 12:58, Ilya Kovalchuk (Buf) for Roughing (Minor) at 13:04, Darnell Nurse (LAK) for Roughing (Minor) at 18:20
3rd period
3. Sabres , Mathew Dumba 3 (Michael Kostka 25, Ilya Kovalchuk 34) at 7:47 (PP)
Penalties :
Mathew Dumba (Buf) for Interference (Minor) at 1:17, Wayne Simmonds (LAK) for Holding (Minor) at 7:31, Darnell Nurse (LAK) for Tripping (Minor) at 9:40, Staffan Kronwall (LAK) for Holding (Minor) at 12:01, Marcus Nilson (LAK) for Goalie Interference (Minor) at 15:36
Goalie Stats
John Gibson (LAK), 30 saves from 32 shots - (0.938), L, 19-16-0, 59:09 minutes
Robin Lehner (Buf), 29 saves from 30 shots - (0.967), W, 31-17-3, 60:00 minutes
Players Stats for Kings
Player Name G A P +/- PIM S H SB GA TA FO MP PP MP PK MP
------------------------------------------------------------------------------------
Anze Kopitar 0 0 0 0 0 4 2 0 1 0 14/32 25:48 1:40 4:47
Darnell Nurse 0 0 0 0 6 1 3 3 0 2 0/0 22:37 0:00 5:39
Dion Phaneuf 0 0 0 0 0 0 0 1 2 2 0/0 20:52 1:57 6:11
Dominic Moore 1 0 1 1 0 2 0 0 0 0 10/19 16:44 0:00 8:08
Johnny Gaudreau 0 0 0 0 0 0 1 1 0 0 1/3 15:38 2:18 1:17
Jon Merrill 0 0 0 -1 0 0 0 1 0 1 0/0 22:40 0:00 8:04
Justin Faulk 0 0 0 -1 0 0 1 0 0 0 0/0 10:09 1:57 2:03
Loui Eriksson 0 0 0 -1 4 3 2 0 0 1 2/3 13:32 1:40 0:00
Marcus Nilson 0 0 0 0 2 0 0 0 0 1 0/0 7:25 0:06 0:00
Mike Brown 0 1 1 1 0 1 0 0 0 0 1/1 16:57 0:06 8:08
Nikita Kucherov 0 0 0 0 0 1 1 0 1 0 1/1 9:10 1:40 0:00
Patrick Kane 0 0 0 0 0 7 0 0 0 0 0/0 18:25 2:24 1:26
Paul Martin 0 0 0 1 0 0 2 0 0 0 0/0 6:53 0:00 0:00
Peter Worrell 0 1 1 1 0 1 1 0 0 0 0/1 8:29 0:00 0:00
Ryan Johansen 0 0 0 -1 2 8 2 0 1 0 9/18 15:25 2:18 0:00
Shea Weber 0 0 0 0 0 1 1 2 1 1 0/0 27:02 2:07 6:11
Staffan Kronwall 0 0 0 1 2 0 0 0 0 0 0/0 7:20 0:00 0:22
Wayne Simmonds 0 0 0 -1 2 1 2 0 0 0 0/1 18:37 2:07 4:44
Players Stats for Sabres
Player Name G A P +/- PIM S H SB GA TA FO MP PP MP PK MP
------------------------------------------------------------------------------------
Andrei Loktionov 0 0 0 0 0 4 3 1 0 0 13/26 19:32 6:52 0:20
Brad Richardson 0 0 0 -1 0 0 0 0 0 0 1/2 9:28 0:00 0:01
Brandon Sutter 0 0 0 -1 0 1 1 2 0 1 6/11 12:31 0:00 2:24
Darcy Hordichuk 0 0 0 -1 0 1 0 1 0 0 0/0 8:42 0:03 0:00
Darren Reid 0 0 0 0 0 2 3 0 0 0 0/0 11:22 0:00 0:00
Evander Kane 0 0 0 0 0 2 4 0 1 0 1/1 20:19 6:52 0:22
Ilya Kovalchuk 0 1 1 0 2 3 2 0 1 0 0/1 19:24 7:19 1:20
Jakub Kindl 0 0 0 0 2 1 1 0 0 0 0/0 14:25 0:13 0:30
Jared Cowen 0 0 0 0 0 0 1 0 0 1 0/0 23:24 7:26 2:19
Mathew Dumba 1 0 1 0 2 1 4 0 0 3 0/0 19:35 6:36 0:48
Matt Martin 0 0 0 1 0 2 0 0 0 0 1/2 9:51 0:00 2:21
Michael Frolik 0 0 0 0 0 3 0 0 3 0 0/0 19:33 6:52 0:00
Michael Kostka 0 1 1 0 0 1 2 1 2 0 0/0 18:28 5:56 1:41
Rob Scuderi 0 0 0 0 0 1 2 2 0 0 0/0 16:48 0:00 0:31
Sean Monahan 0 0 0 1 0 1 1 0 0 0 6/15 15:08 7:23 0:00
Vincent Lecavalier 0 0 0 0 0 4 0 0 0 1 11/19 12:49 0:00 1:20
Zach Bogosian 0 1 1 0 0 4 1 2 0 0 0/0 27:33 8:19 2:19
Zack Kassian 1 0 1 1 0 1 1 0 1 0 2/2 15:08 7:23 0:00
3 Stars
1 - Robin Lehner (Buf)
2 - Zack Kassian (Buf)
3 - Mathew Dumba (Buf)
Power Play
Kings - 0 on 3 Attempt(s) - 0.00%
Sabres - 1 on 9 Attempt(s) - 11.11%
Penalty Kill
Kings - 8 on 9 Attempt(s) - 88.89%
- Score 0 goal in Penalty Kill
Sabres - 3 on 3 Attempt(s) - 100.00%
- Score 0 goal in Penalty Kill
Team Stat
Kings - Hits : 18 - Faceoff Wins : 38 - Blocked Shots : 8 - Penalty Minutes : 18
Sabres - Hits : 26 - Faceoff Wins : 41 - Blocked Shots : 9 - Penalty Minutes : 6
Official
Referees : Unknown
Linesman : Unknown
Game Notes
Jared Cowen is injured at 14:10 of 3rd period (Right Foot)
Finance
Level 1 -- Attendance: 6000 (100.00%) -- Ticket Income $522,000
Level 2 -- Attendance: 5000 (100.00%) -- Ticket Income $280,000
Level 3 -- Attendance: 1886 (94.30%) -- Ticket Income $58,466
Level 4 -- Attendance: 3752 (93.80%) -- Ticket Income $93,800
Luxury Box -- Attendance: 1000 (100.00%) -- Ticket Income $152,000
Game was played at the Duff Garden.
Total Attendance: 17638 (97.99%)
Total Ticket Income: $1,106,266
Other Income: $165,940
Total Income: $1,272,206
Kings
5 vs 5 Forward
Center Left Wing Right Wing Time % Phy DF OF
1 Anze Kopitar Johnny Gaudreau Patrick Kane 35 1 3 1
2 Ryan Johansen Loui Eriksson Wayne Simmonds 35 2 1 2
3 Anze Kopitar Marcus Nilson Nikita Kucherov 25 1 2 2
4 Dominic Moore Peter Worrell Mike Brown 5 0 3 2
5 vs 5 Defense
Defense Defense Time % Phy DF OF
1 Darnell Nurse Shea Weber 40 2 3 0
2 Jon Merrill Dion Phaneuf 30 2 3 0
3 Staffan Kronwall Paul Martin 20 1 3 1
4 Jon Merrill Justin Faulk 10 1 3 1
PowerPlay Forward
Center Left Wing Right Wing Time % Phy DF OF
1 Ryan Johansen Johnny Gaudreau Patrick Kane 60 0 0 5
2 Anze Kopitar Loui Eriksson Nikita Kucherov 40 2 0 3
PowerPlay Defense
Defense Defense Time % Phy DF OF
1 Justin Faulk Dion Phaneuf 60 2 1 2
2 Wayne Simmonds Shea Weber 40 2 3 0
Penalty Kill 4 Players Forward
Center Wing Time % Phy DF OF
1 Dominic Moore Mike Brown 60 1 3 1
2 Anze Kopitar Wayne Simmonds 40 1 3 1
Penalty Kill 4 Players Defense
Defense Defense Time % Phy DF OF
1 Darnell Nurse Jon Merrill 60 0 5 0
2 Shea Weber Dion Phaneuf 40 0 5 0
Penalty Kill - 3 Players Forward
Forward Time % Phy DF OF
1 Anze Kopitar 60 1 4 0
2 Patrick Kane 40 1 4 0
Penalty Kill - 3 Players Defense
Defense Defense Time % Phy DF OF
1 Dion Phaneuf Jon Merrill 60 0 5 0
2 Darnell Nurse Shea Weber 40 0 5 0
4 vs 4 Forward
Center Wing Time % Phy DF OF
1 Anze Kopitar Patrick Kane 60 0 3 2
2 Johnny Gaudreau Wayne Simmonds 40 0 2 3
4 vs 4 Defense
Defense Defense Time % Phy DF OF
1 Shea Weber Justin Faulk 60 1 2 2
2 Jon Merrill Dion Phaneuf 40 1 2 2
Last Minutes Offensive
Center Left Wing Right Wing Defense Defense
Anze Kopitar Johnny Gaudreau Patrick Kane Dion Phaneuf Justin Faulk
Last Minutes Defensive
Center Left Wing Right Wing Defense Defense
Anze Kopitar Loui Eriksson Patrick Kane Dion Phaneuf Jon Merrill
Goaltenders
Starting : John Gibson
Backup : Pascal Leclaire
Extra Forwards
Normal : Patrick Kane, Anze Kopitar, Ryan Johansen - PP : Marcus Nilson, Mike Brown - PK : Patrick Kane
Extra Defensemen
Normal : Shea Weber, Jon Merrill, Darnell Nurse - PP : Jon Merrill - PK : Justin Faulk, Staffan Kronwall
Penalty Shots
Nikita Kucherov, Patrick Kane, Anze Kopitar, Loui Eriksson, Ryan Johansen
Scratches
Mika Zibanejad (Strained Right Knee Injury), Greg Campbell (Healthy), Michel Ouellet (Healthy)
Sabres
5 vs 5 Forward
Center Left Wing Right Wing Time % Phy DF OF
1 Andrei Loktionov Evander Kane Michael Frolik 32 0 1 4
2 Vincent Lecavalier Ilya Kovalchuk Darren Reid 30 0 1 4
3 Sean Monahan Matt Martin Zack Kassian 22 0 2 3
4 Brandon Sutter Darcy Hordichuk Brad Richardson 16 1 2 2
5 vs 5 Defense
Defense Defense Time % Phy DF OF
1 Rob Scuderi Zach Bogosian 41 2 2 1
2 Jakub Kindl Jared Cowen 35 1 3 1
3 Michael Kostka Mathew Dumba 24 1 4 0
4 Michael Kostka Mathew Dumba 0 1 4 0
PowerPlay Forward
Center Left Wing Right Wing Time % Phy DF OF
1 Sean Monahan Ilya Kovalchuk Zack Kassian 53 0 0 5
2 Andrei Loktionov Evander Kane Michael Frolik 47 1 0 4
PowerPlay Defense
Defense Defense Time % Phy DF OF
1 Zach Bogosian Jared Cowen 53 0 1 4
2 Michael Kostka Mathew Dumba 47 1 1 3
Penalty Kill 4 Players Forward
Center Wing Time % Phy DF OF
1 Brandon Sutter Matt Martin 55 1 4 0
2 Vincent Lecavalier Ilya Kovalchuk 45 1 4 0
Penalty Kill 4 Players Defense
Defense Defense Time % Phy DF OF
1 Jared Cowen Zach Bogosian 55 1 4 0
2 Mathew Dumba Michael Kostka 45 1 4 0
Penalty Kill - 3 Players Forward
Forward Time % Phy DF OF
1 Brandon Sutter 60 0 5 0
2 Brad Richardson 40 0 5 0
Penalty Kill - 3 Players Defense
Defense Defense Time % Phy DF OF
1 Rob Scuderi Jared Cowen 60 1 4 0
2 Mathew Dumba Zach Bogosian 40 1 4 0
4 vs 4 Forward
Center Wing Time % Phy DF OF
1 Vincent Lecavalier Darren Reid 50 0 2 3
2 Andrei Loktionov Brad Richardson 50 0 1 4
4 vs 4 Defense
Defense Defense Time % Phy DF OF
1 Michael Kostka Jared Cowen 50 0 4 1
2 Mathew Dumba Rob Scuderi 50 0 4 1
Last Minutes Offensive
Center Left Wing Right Wing Defense Defense
Andrei Loktionov Evander Kane Michael Frolik Zach Bogosian Jared Cowen
Last Minutes Defensive
Center Left Wing Right Wing Defense Defense
Brandon Sutter Evander Kane Michael Frolik Zach Bogosian Jared Cowen
Goaltenders
Starting : Robin Lehner
Backup : Jonas Hiller
Extra Forwards
Normal : Brandon Sutter, Andrei Loktionov, Sean Monahan - PP : Ilya Kovalchuk, Sean Monahan - PK : Brandon Sutter
Extra Defensemen
Normal : Zach Bogosian, Jared Cowen, Mathew Dumba - PP : Zach Bogosian - PK : Rob Scuderi, Jared Cowen
Penalty Shots
Evander Kane, Michael Frolik, Vincent Lecavalier, Sean Monahan, Zack Kassian
Scratches
Randy Jones (Healthy), Scottie Upshall (Healthy)
% Time on Ice - Kings
Lines # - Real PCT - Wanted PCT - Time Play
Normal Forward
1 - 29% - 35% - 11:05
2 - 31% - 35% - 12:06
3 - 18% - 25% - 6:56
4 - 22% - 5% - 8:29
Normal Defense
1 - 46% - 40% - 17:40
2 - 30% - 30% - 11:38
3 - 18% - 20% - 6:53
4 - 6% - 10% - 2:25
PP Forward
1 - 59% - 60% - 2:24
2 - 41% - 40% - 1:40
PP Defense
1 - 48% - 60% - 1:57
2 - 52% - 40% - 2:07
PK Forward
1 - 67% - 60% - 9:31
2 - 33% - 40% - 4:44
PK Defense
1 - 57% - 60% - 8:04
2 - 43% - 40% - 6:11
PK3 Forward
1 - 0% - 60%
2 - 0% - 40%
PK3 Defense
1 - 0% - 60%
2 - 0% - 40%
44 Forward
1 - 100% - 60% - 1:53
2 - 0% - 40% - 0:00
44 Defense
1 - 100% - 60% - 1:53
2 - 0% - 40% - 0:00
Last Minute Offensive - 1:12
Last Minute Defensive - 0:00
Total
Forward - 60:00
Defense - 60:00
|
% Time on Ice - Sabres
Lines # - Real PCT - Wanted PCT - Time Play
Normal Forward
1 - 31% - 32% - 11:49
2 - 28% - 30% - 10:52
3 - 19% - 22% - 7:19
4 - 22% - 16% - 8:35
Normal Defense
1 - 43% - 41% - 16:39
2 - 36% - 35% - 13:54
3 - 21% - 24% - 8:02
4 - 0% - 0% - 0:00
PP Forward
1 - 52% - 53% - 7:23
2 - 48% - 47% - 6:52
PP Defense
1 - 58% - 53% - 8:19
2 - 42% - 47% - 5:56
PK Forward
1 - 67% - 55% - 2:43
2 - 33% - 45% - 1:21
PK Defense
1 - 57% - 55% - 2:19
2 - 43% - 45% - 1:45
PK3 Forward
1 - 0% - 60%
2 - 0% - 40%
PK3 Defense
1 - 0% - 60%
2 - 0% - 40%
44 Forward
1 - 54% - 50% - 1:01
2 - 46% - 50% - 0:52
44 Defense
1 - 54% - 50% - 1:01
2 - 46% - 50% - 0:52
Last Minute Offensive - 0:00
Last Minute Defensive - 1:13
Total
Forward - 60:00
Defense - 60:00
|
Play-by-Play
1st period
0:01 of 1st period - Johnny Gaudreau wins face-off versus Andrei Loktionov in neutral zone.
0:14 of 1st period - Wrist shot by Evander Kane.
0:14 of 1st period - Deflect By Michael Frolik.
0:14 of 1st period - Shot Misses the Net.
0:14 of 1st period - Puck is out of play.
0:15 of 1st period - Vincent Lecavalier wins face-off versus Wayne Simmonds in Kings zone.
0:18 of 1st period - Backhand shot by Vincent Lecavalier.
0:18 of 1st period - Stopped by John Gibson without a rebound.
0:19 of 1st period - Vincent Lecavalier wins face-off versus Ryan Johansen in Kings zone.
0:40 of 1st period - Minor Penalty to Loui Eriksson for Tripping.
0:41 of 1st period - Sean Monahan wins face-off versus Dominic Moore in Kings zone.
1:06 of 1st period - Zach Bogosian is hit by Wayne Simmonds and loses puck.
2:40 of 1st period - Penalty to Loui Eriksson is over, Loui Eriksson is back on ice.
5:10 of 1st period - Off-side.
5:11 of 1st period - Brandon Sutter wins face-off versus Dominic Moore in neutral zone.
5:36 of 1st period - Justin Faulk is hit by Mathew Dumba and loses puck.
5:53 of 1st period - Jared Cowen is hit by Ryan Johansen and loses puck.
6:17 of 1st period - Slapshot by Mike Brown.
6:17 of 1st period - Stopped by Robin Lehner without a rebound.
6:18 of 1st period - Vincent Lecavalier wins face-off versus Peter Worrell in Sabres zone.
6:34 of 1st period - Slapshot by Peter Worrell.
6:34 of 1st period - Stopped by Robin Lehner with a rebound.
6:36 of 1st period - Wrist shot by Dominic Moore.
6:36 of 1st period - Stopped by Robin Lehner without a rebound.
6:37 of 1st period - Andrei Loktionov wins face-off versus Anze Kopitar in Sabres zone.
6:52 of 1st period - Wrist shot by Michael Frolik.
6:52 of 1st period - Shot Misses the Net.
7:04 of 1st period - Zack Kassian is hit by Shea Weber and loses puck.
7:15 of 1st period - Wrist shot by Ryan Johansen.
7:15 of 1st period - Stopped by Robin Lehner without a rebound.
7:16 of 1st period - Anze Kopitar wins face-off versus Andrei Loktionov in Sabres zone.
7:19 of 1st period - Wrist shot by Anze Kopitar.
7:19 of 1st period - Shot Misses the Net.
7:29 of 1st period - Slapshot by Michael Frolik.
7:29 of 1st period - Shot Misses the Net.
7:33 of 1st period - Wrist shot by Andrei Loktionov.
7:33 of 1st period - Stopped by John Gibson without a rebound.
7:34 of 1st period - Ryan Johansen wins face-off versus Vincent Lecavalier in Kings zone.
7:56 of 1st period - Icing by Ilya Kovalchuk.
7:57 of 1st period - Vincent Lecavalier wins face-off versus Anze Kopitar in Sabres zone.
8:06 of 1st period - Wrist shot by Michael Frolik.
8:06 of 1st period - Shot Misses the Net.
9:12 of 1st period - Slapshot by Evander Kane.
9:12 of 1st period - Shot Blocked by Darnell Nurse.
9:14 of 1st period - Wrist shot by Michael Frolik.
9:14 of 1st period - Shot Misses the Net.
9:16 of 1st period - Snap shot by Michael Frolik.
9:16 of 1st period - Stopped by John Gibson with a rebound.
9:47 of 1st period - Snap shot by Wayne Simmonds.
9:47 of 1st period - Stopped by Robin Lehner with a rebound.
9:49 of 1st period - Slapshot by Darnell Nurse.
9:49 of 1st period - Deflect By Ryan Johansen.
9:49 of 1st period - Shot Misses the Net.
9:49 of 1st period - Puck is out of play.
9:50 of 1st period - Ryan Johansen wins face-off versus Sean Monahan in Sabres zone.
10:11 of 1st period - Wayne Simmonds is hit by Sean Monahan and loses puck.
10:27 of 1st period - Snap shot by Zach Bogosian.
10:27 of 1st period - Stopped by John Gibson without a rebound.
10:28 of 1st period - Anze Kopitar wins face-off versus Ilya Kovalchuk in Kings zone.
10:28 of 1st period - Anze Kopitar is hit by Darren Reid.
10:36 of 1st period - Ilya Kovalchuk is hit by Anze Kopitar and loses puck.
12:05 of 1st period - Off-side.
12:06 of 1st period - Anze Kopitar wins face-off versus Andrei Loktionov in neutral zone.
12:11 of 1st period - Slapshot by Shea Weber.
12:11 of 1st period - Deflect By Michael Frolik.
12:11 of 1st period - Stopped by Robin Lehner without a rebound.
12:12 of 1st period - Andrei Loktionov wins face-off versus Anze Kopitar in Sabres zone.
12:12 of 1st period - Andrei Loktionov is hit by Anze Kopitar.
12:18 of 1st period - Snap shot by Evander Kane.
12:18 of 1st period - Shot Blocked by Shea Weber.
12:28 of 1st period - Wrist shot by Nikita Kucherov.
12:28 of 1st period - Shot Blocked by Michael Kostka.
12:36 of 1st period - Wrist shot by Andrei Loktionov.
12:36 of 1st period - Stopped by John Gibson without a rebound.
12:37 of 1st period - Loui Eriksson wins face-off versus Vincent Lecavalier in Kings zone.
12:39 of 1st period - Minor Penalty to Ryan Johansen for Hooking.
12:40 of 1st period - Mike Brown wins face-off versus Sean Monahan in Kings zone.
13:20 of 1st period - Wayne Simmonds is hit by Evander Kane and loses puck.
13:59 of 1st period - Michael Kostka is hit by Darnell Nurse and loses puck.
14:28 of 1st period - Andrei Loktionov is hit by Darnell Nurse and loses puck.
14:39 of 1st period - Penalty to Ryan Johansen is over, Ryan Johansen is back on ice.
14:59 of 1st period - Darnell Nurse is hit by Brandon Sutter and loses puck.
15:35 of 1st period - Snap shot by Loui Eriksson.
15:35 of 1st period - Stopped by Robin Lehner without a rebound.
15:36 of 1st period - Matt Martin wins face-off versus Ryan Johansen in Sabres zone.
15:49 of 1st period - Darnell Nurse is hit by Jakub Kindl and loses puck.
16:18 of 1st period - Patrick Kane is hit by Rob Scuderi and loses puck.
16:45 of 1st period - Andrei Loktionov is hit by Wayne Simmonds and loses puck.
16:57 of 1st period - Dion Phaneuf is hit by Mathew Dumba and loses puck.
17:18 of 1st period - Nikita Kucherov is hit by Michael Kostka and loses puck.
17:39 of 1st period - Slapshot by Ilya Kovalchuk.
17:39 of 1st period - Stopped by John Gibson with a rebound.
17:41 of 1st period - Wrist shot by Darren Reid.
17:41 of 1st period - Deflect By Vincent Lecavalier.
17:41 of 1st period - Shot Misses the Net.
17:41 of 1st period - Puck is out of play.
17:42 of 1st period - Dominic Moore wins face-off versus Andrei Loktionov in Kings zone.
18:47 of 1st period - Backhand shot by Mike Brown.
18:47 of 1st period - Deflect By Zach Bogosian.
18:47 of 1st period - Shot Blocked by Brandon Sutter.
18:47 of 1st period - Puck is out of play.
18:48 of 1st period - Brandon Sutter wins face-off versus Dominic Moore in Sabres zone.
18:48 of 1st period - Brandon Sutter is hit by Peter Worrell.
19:22 of 1st period - Darcy Hordichuk is hit by Darnell Nurse.
19:36 of 1st period - Slapshot by Zach Bogosian.
19:36 of 1st period - Shot Blocked by Darnell Nurse.
19:38 of 1st period - Slapshot by Zach Bogosian.
19:38 of 1st period - Stopped by John Gibson with a rebound.
19:40 of 1st period - Slapshot by Zach Bogosian.
19:40 of 1st period - Stopped by John Gibson with a rebound.
19:56 of 1st period - Mike Brown is hit by Zach Bogosian and loses puck.
Goals for this period are 0 for Kings vs 0 for Sabres.
Shots for this period are 7 for Kings vs 8 for Sabres.
2nd period
0:01 of 2nd period - Andrei Loktionov wins face-off versus Anze Kopitar in neutral zone.
0:10 of 2nd period - Wrist shot by Andrei Loktionov.
0:10 of 2nd period - Shot Blocked by Johnny Gaudreau.
0:14 of 2nd period - Snap shot by Michael Frolik.
0:14 of 2nd period - Shot Misses the Net.
0:16 of 2nd period - Slapshot by Andrei Loktionov.
0:16 of 2nd period - Stopped by John Gibson with a rebound.
1:29 of 2nd period - Backhand shot by Michael Frolik.
1:29 of 2nd period - Shot Misses the Net.
1:31 of 2nd period - Slapshot by Jakub Kindl.
1:31 of 2nd period - Stopped by John Gibson without a rebound.
1:32 of 2nd period - Andrei Loktionov wins face-off versus Anze Kopitar in Kings zone.
1:47 of 2nd period - Wrist shot by Patrick Kane.
1:47 of 2nd period - Deflect By Anze Kopitar.
1:47 of 2nd period - Shot Misses the Net.
1:47 of 2nd period - Puck is out of play.
1:48 of 2nd period - Vincent Lecavalier wins face-off versus Ryan Johansen in Sabres zone.
1:48 of 2nd period - Vincent Lecavalier is hit by Loui Eriksson.
1:55 of 2nd period - Minor Penalty to Loui Eriksson for Holding Stick.
1:56 of 2nd period - Dominic Moore wins face-off versus Sean Monahan in Kings zone.
2:12 of 2nd period - Off-side.
2:13 of 2nd period - Dominic Moore wins face-off versus Andrei Loktionov in neutral zone.
2:43 of 2nd period - Wrist shot by Zach Bogosian.
2:43 of 2nd period - Shot Misses the Net.
2:56 of 2nd period - Icing by Sean Monahan.
2:57 of 2nd period - Andrei Loktionov wins face-off versus Dominic Moore in Sabres zone.
3:05 of 2nd period - Off-side.
3:06 of 2nd period - Sean Monahan wins face-off versus Anze Kopitar in neutral zone.
3:09 of 2nd period - Darnell Nurse is hit by Mathew Dumba and loses puck.
3:55 of 2nd period - Penalty to Loui Eriksson is over, Loui Eriksson is back on ice.
4:06 of 2nd period - Backhand shot by Patrick Kane.
4:06 of 2nd period - Stopped by Robin Lehner without a rebound.
4:07 of 2nd period - Anze Kopitar wins face-off versus Brandon Sutter in Sabres zone.
4:14 of 2nd period - Wrist shot by Anze Kopitar.
4:14 of 2nd period - Shot Blocked by Brandon Sutter.
4:16 of 2nd period - Snap shot by Johnny Gaudreau.
4:16 of 2nd period - Deflect By Anze Kopitar.
4:16 of 2nd period - Stopped by Robin Lehner without a rebound.
4:17 of 2nd period - Vincent Lecavalier wins face-off versus Anze Kopitar in Sabres zone.
4:17 of 2nd period - Darren Reid is hit by Paul Martin and loses puck.
4:44 of 2nd period - Wrist shot by Loui Eriksson.
4:44 of 2nd period - Stopped by Robin Lehner without a rebound.
4:45 of 2nd period - Ryan Johansen wins face-off versus Andrei Loktionov in Sabres zone.
4:58 of 2nd period - Snap shot by Evander Kane.
4:58 of 2nd period - Stopped by John Gibson with a rebound.
6:31 of 2nd period - Minor Penalty to Jakub Kindl for Boarding.
6:32 of 2nd period - Brandon Sutter wins face-off versus Ryan Johansen in Sabres zone.
6:41 of 2nd period - Backhand shot by Brandon Sutter.
6:41 of 2nd period - Shot Misses the Net.
6:59 of 2nd period - Shea Weber is hit by Ilya Kovalchuk and loses puck.
7:12 of 2nd period - Wrist shot by Patrick Kane.
7:12 of 2nd period - Stopped by Robin Lehner with a rebound.
7:14 of 2nd period - Wrist shot by Patrick Kane.
7:14 of 2nd period - Stopped by Robin Lehner without a rebound.
7:15 of 2nd period - Anze Kopitar wins face-off versus Brandon Sutter in Sabres zone.
7:28 of 2nd period - Slapshot by Dion Phaneuf.
7:28 of 2nd period - Deflect By Nikita Kucherov.
7:28 of 2nd period - Stopped by Robin Lehner without a rebound.
7:29 of 2nd period - Nikita Kucherov wins face-off versus Brandon Sutter in Sabres zone.
7:34 of 2nd period - Slapshot by Nikita Kucherov.
7:34 of 2nd period - Shot Misses the Net.
7:54 of 2nd period - Vincent Lecavalier is hit by Justin Faulk and loses puck.
8:31 of 2nd period - Penalty to Jakub Kindl is over, Jakub Kindl is back on ice.
9:22 of 2nd period - Snap shot by Vincent Lecavalier.
9:22 of 2nd period - Stopped by John Gibson with a rebound.
9:24 of 2nd period - Wrist shot by Vincent Lecavalier.
9:24 of 2nd period - Stopped by John Gibson with a rebound.
9:26 of 2nd period - Snap shot by Rob Scuderi.
9:26 of 2nd period - Stopped by John Gibson without a rebound.
9:27 of 2nd period - Andrei Loktionov wins face-off versus Johnny Gaudreau in Kings zone.
9:38 of 2nd period - Slapshot by Evander Kane.
9:38 of 2nd period - Shot Blocked by Darnell Nurse.
9:40 of 2nd period - Slapshot by Michael Frolik.
9:40 of 2nd period - Stopped by John Gibson with a rebound.
10:17 of 2nd period - Darnell Nurse is hit by Ilya Kovalchuk.
10:32 of 2nd period - Off-side.
10:33 of 2nd period - Sean Monahan wins face-off versus Anze Kopitar in neutral zone.
10:44 of 2nd period - Snap shot by Matt Martin.
10:44 of 2nd period - Stopped by John Gibson with a rebound.
11:04 of 2nd period - Slapshot by Brad Richardson.
11:04 of 2nd period - Shot Misses the Net.
11:20 of 2nd period - Slapshot by Ryan Johansen.
11:20 of 2nd period - Stopped by Robin Lehner with a rebound.
12:12 of 2nd period - Backhand shot by Ryan Johansen.
12:12 of 2nd period - Stopped by Robin Lehner with a rebound.
12:14 of 2nd period - Snap shot by Loui Eriksson.
12:14 of 2nd period - Shot Misses the Net.
12:23 of 2nd period - Off-side.
12:24 of 2nd period - Dominic Moore wins face-off versus Brad Richardson in neutral zone.
12:31 of 2nd period - Snap shot by Peter Worrell.
12:31 of 2nd period - Deflect By Dominic Moore.
12:31 of 2nd period - Goal by Dominic Moore - Kings : 1 - Sabres : 0.
12:32 of 2nd period - Andrei Loktionov wins face-off versus Anze Kopitar in neutral zone.
12:45 of 2nd period - Snap shot by Michael Frolik.
12:45 of 2nd period - Stopped by John Gibson without a rebound.
12:46 of 2nd period - Anze Kopitar wins face-off versus Vincent Lecavalier in Kings zone.
12:57 of 2nd period - Slapshot by Patrick Kane.
12:57 of 2nd period - Stopped by Robin Lehner without a rebound.
12:58 of 2nd period - Anze Kopitar wins face-off versus Andrei Loktionov in Sabres zone.
12:58 of 2nd period - Minor Penalty to Darnell Nurse for Holding Stick.
12:59 of 2nd period - Dominic Moore wins face-off versus Sean Monahan in Kings zone.
13:04 of 2nd period - Minor Penalty to Ilya Kovalchuk for Roughing.
13:05 of 2nd period - Anze Kopitar wins face-off versus Vincent Lecavalier in Sabres zone.
13:06 of 2nd period - Wrist shot by Patrick Kane.
13:06 of 2nd period - Stopped by Robin Lehner with a rebound.
13:08 of 2nd period - Snap shot by Anze Kopitar.
13:08 of 2nd period - Stopped by Robin Lehner without a rebound.
13:09 of 2nd period - Anze Kopitar wins face-off versus Vincent Lecavalier in Sabres zone.
13:18 of 2nd period - Wrist shot by Vincent Lecavalier.
13:18 of 2nd period - Stopped by John Gibson without a rebound.
13:19 of 2nd period - Andrei Loktionov wins face-off versus Anze Kopitar in Kings zone.
13:23 of 2nd period - Icing by Patrick Kane.
13:24 of 2nd period - Andrei Loktionov wins face-off versus Anze Kopitar in Kings zone.
13:41 of 2nd period - Off-side.
13:42 of 2nd period - Anze Kopitar wins face-off versus Vincent Lecavalier in neutral zone.
13:49 of 2nd period - Slapshot by Anze Kopitar.
13:49 of 2nd period - Deflect By Patrick Kane.
13:49 of 2nd period - Shot Misses the Net.
13:49 of 2nd period - Puck is out of play.
13:50 of 2nd period - Vincent Lecavalier wins face-off versus Anze Kopitar in Sabres zone.
13:55 of 2nd period - Wrist shot by Darren Reid.
13:55 of 2nd period - Stopped by John Gibson with a rebound.
14:10 of 2nd period - Icing by Vincent Lecavalier.
14:11 of 2nd period - Vincent Lecavalier wins face-off versus Anze Kopitar in Sabres zone.
14:28 of 2nd period - Slapshot by Darren Reid.
14:28 of 2nd period - Stopped by John Gibson without a rebound.
14:29 of 2nd period - Andrei Loktionov wins face-off versus Anze Kopitar in Kings zone.
14:38 of 2nd period - Slapshot by Andrei Loktionov.
14:38 of 2nd period - Stopped by John Gibson without a rebound.
14:39 of 2nd period - Anze Kopitar wins face-off versus Andrei Loktionov in Kings zone.
14:50 of 2nd period - Wrist shot by Anze Kopitar.
14:50 of 2nd period - Shot Blocked by Rob Scuderi.
14:57 of 2nd period - Icing by Brad Richardson.
14:58 of 2nd period - Penalty to Darnell Nurse is over, Darnell Nurse is back on ice.
14:58 of 2nd period - Brad Richardson wins face-off versus Ryan Johansen in Sabres zone.
14:58 of 2nd period - Brad Richardson is hit by Ryan Johansen.
15:04 of 2nd period - Penalty to Ilya Kovalchuk is over, Ilya Kovalchuk is back on ice.
15:14 of 2nd period - Slapshot by Ilya Kovalchuk.
15:14 of 2nd period - Stopped by John Gibson without a rebound.
15:15 of 2nd period - Vincent Lecavalier wins face-off versus Anze Kopitar in Kings zone.
15:42 of 2nd period - Jared Cowen is hit by Loui Eriksson and loses puck.
15:51 of 2nd period - Snap shot by Ryan Johansen.
15:51 of 2nd period - Stopped by Robin Lehner without a rebound.
15:52 of 2nd period - Zack Kassian wins face-off versus Ryan Johansen in Sabres zone.
16:01 of 2nd period - Slapshot by Zach Bogosian.
16:01 of 2nd period - Shot Misses the Net.
16:03 of 2nd period - Wrist shot by Zack Kassian.
16:03 of 2nd period - Goal by Zack Kassian - Kings : 1 - Sabres : 1.
16:04 of 2nd period - Anze Kopitar wins face-off versus Andrei Loktionov in neutral zone.
16:12 of 2nd period - Slapshot by Patrick Kane.
16:12 of 2nd period - Shot Misses the Net.
16:14 of 2nd period - Slapshot by Darnell Nurse.
16:14 of 2nd period - Stopped by Robin Lehner without a rebound.
16:15 of 2nd period - Vincent Lecavalier wins face-off versus Johnny Gaudreau in Sabres zone.
16:15 of 2nd period - Vincent Lecavalier is hit by Johnny Gaudreau.
16:52 of 2nd period - Ryan Johansen is hit by Rob Scuderi.
17:26 of 2nd period - Snap shot by Brandon Sutter.
17:26 of 2nd period - Stopped by John Gibson with a rebound.
17:28 of 2nd period - Slapshot by Jared Cowen.
17:28 of 2nd period - Shot Misses the Net.
17:30 of 2nd period - Slapshot by Jakub Kindl.
17:30 of 2nd period - Shot Misses the Net.
17:32 of 2nd period - Slapshot by Jakub Kindl.
17:32 of 2nd period - Shot Blocked by Jon Merrill.
17:34 of 2nd period - Slapshot by Jakub Kindl.
17:34 of 2nd period - Shot Blocked by Dion Phaneuf.
17:48 of 2nd period - Wrist shot by Darren Reid.
17:48 of 2nd period - Deflect By Ilya Kovalchuk.
17:48 of 2nd period - Stopped by John Gibson without a rebound.
17:49 of 2nd period - Ryan Johansen wins face-off versus Vincent Lecavalier in Kings zone.
17:59 of 2nd period - Off-side.
18:00 of 2nd period - Evander Kane wins face-off versus Loui Eriksson in neutral zone.
18:11 of 2nd period - Snap shot by Jakub Kindl.
18:11 of 2nd period - Deflect By Evander Kane.
18:11 of 2nd period - Shot Blocked by Shea Weber.
18:11 of 2nd period - Puck is out of play.
18:12 of 2nd period - Ryan Johansen wins face-off versus Vincent Lecavalier in Kings zone.
18:20 of 2nd period - Minor Penalty to Darnell Nurse for Roughing.
18:21 of 2nd period - Zack Kassian wins face-off versus Dominic Moore in Kings zone.
18:37 of 2nd period - Wrist shot by Sean Monahan.
18:37 of 2nd period - Stopped by John Gibson with a rebound.
18:52 of 2nd period - Icing by Zach Bogosian.
18:53 of 2nd period - Andrei Loktionov wins face-off versus Dominic Moore in Sabres zone.
Goals for this period are 1 for Kings vs 1 for Sabres.
Shots for this period are 14 for Kings vs 18 for Sabres.
3rd period
0:01 of 3rd period - Dominic Moore wins face-off versus Sean Monahan in neutral zone.
0:16 of 3rd period - Snap shot by Michael Kostka.
0:16 of 3rd period - Stopped by John Gibson without a rebound.
0:17 of 3rd period - Dominic Moore wins face-off versus Andrei Loktionov in Kings zone.
0:20 of 3rd period - Penalty to Darnell Nurse is over, Darnell Nurse is back on ice.
1:17 of 3rd period - Minor Penalty to Mathew Dumba for Interference.
1:18 of 3rd period - Ryan Johansen wins face-off versus Brandon Sutter in Sabres zone.
1:19 of 3rd period - Snap shot by Patrick Kane.
1:19 of 3rd period - Stopped by Robin Lehner with a rebound.
1:23 of 3rd period - Wrist shot by Ryan Johansen.
1:23 of 3rd period - Stopped by Robin Lehner with a rebound.
1:45 of 3rd period - Jared Cowen is hit by Nikita Kucherov and loses puck.
3:17 of 3rd period - Penalty to Mathew Dumba is over, Mathew Dumba is back on ice.
3:30 of 3rd period - Dominic Moore is hit by Andrei Loktionov and loses puck.
4:05 of 3rd period - Icing by Staffan Kronwall.
4:06 of 3rd period - Brandon Sutter wins face-off versus Ryan Johansen in Kings zone.
4:46 of 3rd period - Dion Phaneuf is hit by Evander Kane and loses puck.
5:42 of 3rd period - Slapshot by Zach Bogosian.
5:42 of 3rd period - Stopped by John Gibson without a rebound.
5:43 of 3rd period - Andrei Loktionov wins face-off versus Dominic Moore in Kings zone.
6:10 of 3rd period - Darnell Nurse is hit by Darren Reid.
7:02 of 3rd period - Wrist shot by Wayne Simmonds.
7:02 of 3rd period - Shot Blocked by Darcy Hordichuk.
7:04 of 3rd period - Wrist shot by Ryan Johansen.
7:04 of 3rd period - Shot Misses the Net.
7:14 of 3rd period - Jon Merrill is hit by Jared Cowen and loses puck.
7:31 of 3rd period - Minor Penalty to Wayne Simmonds for Holding.
7:32 of 3rd period - Sean Monahan wins face-off versus Dominic Moore in Kings zone.
7:45 of 3rd period - Backhand shot by Michael Kostka.
7:45 of 3rd period - Shot Misses the Net.
7:47 of 3rd period - Backhand shot by Mathew Dumba.
7:47 of 3rd period - Goal by Mathew Dumba - Kings : 1 - Sabres : 2.
7:48 of 3rd period - Andrei Loktionov wins face-off versus Anze Kopitar in neutral zone.
8:51 of 3rd period - Snap shot by Darcy Hordichuk.
8:51 of 3rd period - Stopped by John Gibson with a rebound.
9:40 of 3rd period - Minor Penalty to Darnell Nurse for Tripping.
9:41 of 3rd period - Dominic Moore wins face-off versus Sean Monahan in Kings zone.
11:13 of 3rd period - Dion Phaneuf is hit by Andrei Loktionov and loses puck.
11:40 of 3rd period - Penalty to Darnell Nurse is over, Darnell Nurse is back on ice.
12:01 of 3rd period - Minor Penalty to Staffan Kronwall for Holding.
12:02 of 3rd period - Sean Monahan wins face-off versus Dominic Moore in Kings zone.
12:13 of 3rd period - Snap shot by Ilya Kovalchuk.
12:13 of 3rd period - Shot Misses the Net.
12:27 of 3rd period - Shea Weber is hit by Michael Kostka and loses puck.
13:23 of 3rd period - Dion Phaneuf is hit by Andrei Loktionov and loses puck.
14:01 of 3rd period - Penalty to Staffan Kronwall is over, Staffan Kronwall is back on ice.
14:09 of 3rd period - Jared Cowen is hit by Paul Martin and loses puck.
14:10 of 3rd period - Jared Cowen from Sabres is injured at 14:10 of 3rd period (Right Foot).
14:11 of 3rd period - Anze Kopitar wins face-off versus Andrei Loktionov in Sabres zone.
14:20 of 3rd period - Snap shot by Anze Kopitar.
14:20 of 3rd period - Stopped by Robin Lehner without a rebound.
14:21 of 3rd period - Anze Kopitar wins face-off versus Andrei Loktionov in Sabres zone.
14:28 of 3rd period - Snap shot by Patrick Kane.
14:28 of 3rd period - Shot Blocked by Zach Bogosian.
14:44 of 3rd period - Snap shot by Patrick Kane.
14:44 of 3rd period - Shot Blocked by Zach Bogosian.
14:46 of 3rd period - Slapshot by Shea Weber.
14:46 of 3rd period - Shot Blocked by Rob Scuderi.
14:56 of 3rd period - Snap shot by Patrick Kane.
14:56 of 3rd period - Shot Misses the Net.
14:58 of 3rd period - Slapshot by Anze Kopitar.
14:58 of 3rd period - Shot Blocked by Andrei Loktionov.
15:00 of 3rd period - Slapshot by Patrick Kane.
15:00 of 3rd period - Deflect By Anze Kopitar.
15:00 of 3rd period - Stopped by Robin Lehner without a rebound.
15:01 of 3rd period - Ryan Johansen wins face-off versus Matt Martin in Sabres zone.
15:04 of 3rd period - Slapshot by Ryan Johansen.
15:04 of 3rd period - Stopped by Robin Lehner without a rebound.
15:05 of 3rd period - Loui Eriksson wins face-off versus Sean Monahan in Sabres zone.
15:06 of 3rd period - Slapshot by Ryan Johansen.
15:06 of 3rd period - Stopped by Robin Lehner without a rebound.
15:07 of 3rd period - Ryan Johansen wins face-off versus Sean Monahan in Sabres zone.
15:08 of 3rd period - Wrist shot by Loui Eriksson.
15:08 of 3rd period - Stopped by Robin Lehner with a rebound.
15:14 of 3rd period - Snap shot by Matt Martin.
15:14 of 3rd period - Deflect By Wayne Simmonds.
15:14 of 3rd period - Stopped by John Gibson without a rebound.
15:15 of 3rd period - Sean Monahan wins face-off versus Anze Kopitar in Kings zone.
15:36 of 3rd period - Minor Penalty to Marcus Nilson for Goalie Interference.
15:37 of 3rd period - Dominic Moore wins face-off versus Sean Monahan in Kings zone.
15:37 of 3rd period - Dominic Moore is hit by Zack Kassian.
16:05 of 3rd period - Wrist shot by Evander Kane.
16:05 of 3rd period - Stopped by John Gibson without a rebound.
16:06 of 3rd period - Dominic Moore wins face-off versus Andrei Loktionov in Kings zone.
16:31 of 3rd period - Shea Weber is hit by Evander Kane and loses puck.
16:42 of 3rd period - Jon Merrill is hit by Mathew Dumba and loses puck.
17:36 of 3rd period - Penalty to Marcus Nilson is over, Marcus Nilson is back on ice.
17:43 of 3rd period - Wrist shot by Brandon Sutter.
17:43 of 3rd period - Shot Hit the Post.
17:52 of 3rd period - Slapshot by Brad Richardson.
17:52 of 3rd period - Deflect By Brandon Sutter.
17:52 of 3rd period - Shot Misses the Net.
17:52 of 3rd period - Puck is out of play.
17:53 of 3rd period - Vincent Lecavalier wins face-off versus Anze Kopitar in Kings zone.
18:42 of 3rd period - Anze Kopitar is hit by Darren Reid and loses puck.
18:58 of 3rd period - Kings, John Gibson is pulled from the net.
19:05 of 3rd period - Icing by Darnell Nurse.
19:06 of 3rd period - John Gibson from Kings was sent back in the game.
19:06 of 3rd period - Ryan Johansen wins face-off versus Brandon Sutter in Kings zone.
19:17 of 3rd period - Kings, John Gibson is pulled from the net.
19:21 of 3rd period - Snap shot by Johnny Gaudreau.
19:21 of 3rd period - Shot Misses the Net.
19:23 of 3rd period - Snap shot by Johnny Gaudreau.
19:23 of 3rd period - Deflect By Ryan Johansen.
19:23 of 3rd period - Shot Misses the Net.
19:23 of 3rd period - Puck is out of play.
19:24 of 3rd period - Ken Hitchcock call a timeout for Kings.
19:24 of 3rd period - Brandon Sutter wins face-off versus Ryan Johansen in Sabres zone.
19:29 of 3rd period - Justin Faulk is hit by Evander Kane and loses puck.
19:55 of 3rd period - Wrist shot by Patrick Kane.
19:55 of 3rd period - Stopped by Robin Lehner with a rebound.
19:57 of 3rd period - Snap shot by Ryan Johansen.
19:57 of 3rd period - Deflect By Michael Frolik.
19:57 of 3rd period - Stopped by Robin Lehner without a rebound.
19:58 of 3rd period - Brandon Sutter wins face-off versus Ryan Johansen in Sabres zone.
Goals for this period are 0 for Kings vs 1 for Sabres.
Shots for this period are 9 for Kings vs 6 for Sabres.
Back to the Top